 Dungeon Crawl Stone Soup version 0.21-a0-156-g77413b7 (webtiles) character file.

60 AvylaarBelgium the Magician (level 3, 0/19 HPs)
             Began as a Deep Elf Venom Mage on Aug 3, 2017.
             Was an Initiate of Vehumet.
             Hit by a tomahawk thrown by an orc (3 damage)
             ... on level 3 of the Dungeon.
             The game lasted 00:04:19 (1641 turns).

AvylaarBelgium the Magician (Deep Elf Venom Mage)   Turns: 1641, Time: 00:04:20

Health: 0/19       AC:  2    Str:  5    XL:     3   Next: 82%
Magic:  8/10       EV: 13    Int: 20    God:    Vehumet [......]
Gold:   56         SH:  0    Dex: 15    Spells: 7/10 levels left

rFire    . . .     SeeInvis .   j - +0 short sword
rCold    . . .     Gourm    .   (no shield)
rNeg     . . .     Faith    .   a - +0 robe
rPois    .         Spirit   .   (no helmet)
rElec    .         Reflect  .   (no cloak)
rCorr    .         Harm     .   (no gloves)
MR       .....                  (no boots)
Stlth    ++........             (no amulet)
HPRegen  0.06/turn              (no ring)
MPRegen  0.12/turn              (no ring)

@: no status effects
A: no striking features
a: Renounce Religion


You were on level 3 of the Dungeon.
You worshipped Vehumet.
Vehumet was noncommittal.
You were not hungry.

You visited 1 branch of the dungeon, and saw 3 of its levels.

You collected 56 gold pieces.

Inventory:

Hand Weapons
 i - a +0 club
 j - a +0 short sword (weapon)
Missiles
 h - 4 tomahawks (quivered)
Armour
 a - a +0 robe (worn)
Jewellery
 k - a +4 ring of intelligence {unknown}
Scrolls
 e - 2 scrolls of magic mapping {unknown}
 f - 2 scrolls of remove curse {unknown}
 l - 2 scrolls of identify {unknown}
 m - a scroll of enchant weapon {unknown}
 o - a scroll of amnesia {unknown}
Potions
 d - a potion of heal wounds {unknown}
Books
 b - a Young Poisoner's Handbook

   Spells                             Type                      Level
   a - Sting                          Conjuration/Poison           1
   b - Poisonous Vapours              Poison/Air                   2
   c - Mephitic Cloud                 Conjuration/Poison/Air       3
   d - Olgreb's Toxic Radiance        Poison                       4
   e - Venom Bolt                     Conjuration/Poison           5
Comestibles
 c - a bread ration
 g - a royal jelly
 n - a meat ration
 p - a chunk of flesh


   Skills:
 - Level 2.4 Dodging
 - Level 2.4 Stealth
 + Level 4.1 Spellcasting
 + Level 2.4 Conjurations
 + Level 4.0 Poison Magic


You had 7 spell levels left.
You knew the following spells:

 Your Spells              Type           Power        Failure   Level  Hunger
a - Sting                 Conj/Pois      ###.         3%          1    None
b - Poisonous Vapours     Pois/Air       ##....       9%          2    #......


Dungeon Overview and Level Annotations

Branches:
Dungeon (3/15)

Altars:
Vehumet
Wu Jian

Annotations:
D:3 Sigmund


Message History

An orc and an orc priest come into view.
Found a scroll labeled BIF VU GIRPHU.
An adder comes into view.
The orc shouts!
The orc priest shouts!
The orc priest calls down the wrath of Beogh upon you.
Beogh smites you!
Ouch! That really hurt!
* * * LOW HITPOINT WARNING * * *
The orc throws a tomahawk.
The tomahawk barely misses you. 2 orcs come into view.
You see here a tomahawk.
There is a stone staircase leading up here.
Casting: Sting
Confirm with . or Enter, or press ? or * to list all spells.
Aiming: Sting
Press: ? - help, Shift-Dir - straight line, f - orc
Aim: an orc, wielding a dagger and wearing a scale mail The sting hits the orc.
The orc appears unharmed.
The orc throws a tomahawk.
The tomahawk hits you.
You die...

...... .# ##
.....##.##..
.........##.
..........
#######.......# .
..............#..
.................
...............).
....[..(.@.......
....[..#.......#.
########.##+####
... ..... ...o...
......o..
#.......oo.


You could see an orc.

Vanquished Creatures
  2 adders (D:2)
  A dart slug (D:2)
  A leopard gecko (D:2)
  4 ball pythons
  2 giant cockroaches (D:2)
  6 goblins
  4 hobgoblins (D:1)
  3 jackals (D:2)
  2 kobolds (D:2)
  2 quokkas (D:2)
  4 bats
  A frilled lizard (D:1)
  4 rats
36 creatures vanquished.

Notes
Turn   | Place    | Note
-------+----------+-------------------------------------------
     0 | D:1      | AvylaarBelgium the Deep Elf Venom Mage began the quest for the Orb.
     0 | D:1      | Reached XP level 1. HP: 10/10 MP: 6/6
   230 | D:1      | Reached XP level 2. HP: 15/15 MP: 2/8
   420 | D:2      | Found an ornate altar of the Wu Jian Council.
   445 | D:2      | Learned a level 2 spell: Poisonous Vapours
   828 | D:2      | Reached XP level 3. HP: 18/19 MP: 5/10
  1317 | D:2      | Found a radiant altar of Vehumet.
  1436 | D:2      | Became a worshipper of Vehumet
  1548 | D:3      | Noticed Sigmund
  1641 | D:3      | Hit by a tomahawk thrown by an orc

Vault maps used:
D:1:      dpeg_arrival_morbid_curiosity, item_on_display_b
D:2:      lemuel_upstairs_altar, old_standard_altar,
          lemuel_coloured_pillars_altar
D:3:      first_bread, uniq_natasha, uniq_purgy, uniq_sigmund

Skill      XL: |  1  2  3 |
---------------+----------+-----
Conjurations   | 2 |  2.4
Spellcasting   | 4 |  4.1
Poison Magic   | 4 |  4.0
Dodging        | |  2.4
Stealth        | |  2.4

Action                   || total
-------------------------++-------
Melee: Short sword       ||     9
       Club              ||     1
Throw: Tomahawk          ||     2
 Cast: Sting             ||    84
  Eat: Chunk             ||     2
Armor: Robe              ||     5
Dodge: Dodged            ||    29
